woodfighter, chaotic female sylph Ranger --------------------------------- ------ #%................................| #..[..| # |.----....-----.----|--..-----...# #|<...| --------- ### |.|..|---.|...|.-..|..|..|(((|..|# #------ |........### |.|..|((|.|._.|.|(.|..|..|(..|..|# ### |.......|### |.-|-|((|.|...-.--------.|.(.|..|# # |.......|# |....|..|.|...|....-.//|.-%---..|# # |.......-# |.{..-|--.----|...)|.//|..%......# # |.......| |..%.......-..||--)-----..-----.|# # --------- |....-|--..|..|..|....@.a@-.%%|.|# # |.-|-|..|.----|..|)---o.aC|.@%|.|# # |.|..|..|.|([%|--|.(.|---a-----.|# # |.|..|---.-.!%|..|(((|..-.......|######### # |.|..|....|*[%|..|(((|..|.......| # ---.------# |.----....-----|---------.....{.| ###|......>.|# |...............................| #......*...# --------------------------------- ---------- woodfighter the Reconnoiteress Experience level: 11 Strength: 16 Dexterity: 16 Constitution: 16 Intelligence: 14 Wisdom: 14 Charisma: 8 Health: 0(81) Energy: 62(62) Def: 4 Gold: 0 Moves: 19095 Dungeon seed: zo9xaxDyGusmyHE8 Game ID: woodfighter_1472038399 Your Inventory: Amulets N - an uncursed amulet of reflection (being worn) Weapons a - a +2 bow (weapon in hand) b - 30 +2 arrows (in quiver) c - 30 +0 arrows m - 2 corroded +2 arrows o - 16 +0 arrows Y - 11 +0 silver arrows Armor r - a blessed +0 elven shield (being worn) z - a blessed fireproof +3 cloak of magic resistance (being worn) Q - a cursed -1 pair of gauntlets of fumbling Comestibles d - 2 uncursed fortune cookies g - an uncursed cream pie w - 2 uncursed food rations A - an uncursed sprig of wolfsbane F - an uncursed mango T - an uncursed lichen corpse Z - an uncursed lizard corpse Rings n - an uncursed ring of slow digestion (on left hand) E - an uncursed ring of fire resistance (on right hand) Wands u - a wand of cold (0:5) X - a wand of enlightenment (0:15) Tools p - a blessed tallow candle (0:200) s - a blessed bag of holding t - an uncursed wax candle (0:400) x - 13 uncursed tallow candles (0:200) y - an uncursed skeleton key C - a blessed +0 unicorn horn S - a +0 pick-axe Gems q - a blessed luckstone Contents of the bag of holding: 10700 gold pieces an uncursed amulet of ESP an uncursed lizard corpse a blessed scroll of create monster an uncursed scroll of earth an uncursed scroll of enchant weapon a blessed scroll of identify 2 uncursed scrolls of identify an uncursed scroll of light an uncursed scroll of magic mapping a blessed scroll of remove curse an uncursed scroll of taming 2 uncursed scrolls of teleportation a cursed scroll of teleportation an uncursed potion of enlightenment an uncursed potion of extra healing 2 uncursed potions of gain level an uncursed potion of healing a potion of holy water an uncursed potion of invisibility an uncursed potion of speed an uncursed ring of conflict a +0 unicorn horn Spells and supernatural/magical abilities: Name Level Category Fail Memory W - pray for help -- divine ? -- Your skills at the end: Miscellaneous Skills wands [Basic] Weapon Skills dagger [Basic] bow [Expert] Spellcasting Skills Final Attributes: You were piously aligned. You were fire resistant. You were cold resistant. You were magic-protected. You saw invisible. You had automatic searching. You had infravision. You were displaced. You were stealthy. You had slower digestion. You were protected from shape changers. You had reflection. You were lucky. You had extra luck. Good luck did not time out for you. You are dead. Vanquished creatures: 2 vampires 2 giant mimics a baby purple worm a winter wolf 3 small mimics a xan 2 ettin mummies 7 trolls a flaming sphere 2 tigers a tengu 2 ochre jellies 2 chameleons 2 crocodiles a leocrotta 2 elf mummies 2 pythons an ettin zombie a leather golem 2 Grey-elves a soldier a succubus 2 giant beetles a cockatrice 5 wolves 58 leprechauns 2 lizards 2 mountain nymphs 3 giant spiders a horse an ice vortex a black light a vampire bat 2 forest centaurs 5 gnome kings 2 orc mummies 4 dwarf mummies a brown pudding a yeti 3 chickatrices a dog a dingo 3 dwarf lords a blue jelly a white unicorn a gray unicorn a raven a plains centaur a gnome mummy a snake 4 human zombies 2 rope golems 3 Woodland-elves 4 soldier ants 9 bugbears 2 wood nymphs 2 Mordor orcs an orc shaman 2 rock moles 4 rock piercers 6 ponies 3 fog clouds 4 yellow lights 3 shriekers 2 violet fungi 23 gnome lords 6 gnomish wizards a red naga hatchling 2 guardian naga hatchlings 4 gray oozes an elf zombie a ghoul 3 straw golems 2 paper golems 6 giant ants 4 little dogs 7 floating eyes a kitten 19 dwarves 2 kobold lords 3 kobold shamans 7 iguanas 2 hill orcs 4 rothes 3 rabid rats 2 centipedes a giant bat 2 monkeys 6 orc zombies a wererat 15 killer bees 3 coyotes 3 gas spores 6 hobbits 4 acid blobs 5 large kobolds 8 geckos 12 hobgoblins 8 giant rats 7 cave spiders 5 brown molds 4 yellow molds 2 red molds 62 gnomes 8 garter snakes a gnome zombie 8 jackals 4 foxes 9 kobolds 13 newts 8 goblins 10 sewer rats 12 grid bugs 7 bats 6 lichens 8 kobold zombies 549 creatures vanquished. Voluntary challenges: You were vegetarian. You had followed a strict vegan diet until turn 3168. You had been an atheist until turn 7750. You used a wielded weapon 26 times, starting on turn 793. You did not apply a unicorn horn. You read items or engraved 10 times, starting on turn 6435. You never genocided any monsters. You never polymorphed an object. You never changed form. You completed Sokoban on turn 5980, according to the rules. You used 1 wish, starting on turn 16162. You did not wish for any artifacts. You never split a pudding. You never wrote Elbereth's name. You violated your moral code, losing 3 points of alignment, starting on turn 5963. Dungeon overview: The Dungeons of Doom: levels 1 to 9 Level 1 (-) a long staircase Level 2 Level 3 (open water) a fountain stairs to The Gnomish Mines Level 4 (vault) a general store Level 5 (vault) an armor shop Level 6 many fountains Level 7 an altar to Mercury, a fountain stairs to Sokoban Level 8 Level 9 (vault) The Gnomish Mines: levels 4 to 12 Level 4 stairs to The Dungeons of Doom Level 5 Level 6 <- You were here many shops, a temple to Venus, a magic chest, some fountains Level 7 Level 8 Level 9 Level 10 Level 11 Level 12 a magic chest, some fountains Sokoban: levels 3 to 6 Level 3 a magic chest Level 4 Level 5 Level 6 a magic chest stairs to The Dungeons of Doom History has recorded: On T:1 you entered the Dungeons of Doom to retrieve the Amulet of Yendor! On T:306 you reached level 2 of The Dungeons of Doom. On T:488 you advanced to experience level 2. On T:701 you reached level 3 of The Dungeons of Doom. On T:834 you reached level 4 of The Dungeons of Doom. On T:1006 you advanced to experience level 3. On T:1021 you reached level 5 of The Dungeons of Doom. On T:1440 you reached level 1 of The Gnomish Mines. On T:1735 you reached level 6 of The Dungeons of Doom. On T:1890 you advanced to experience level 4. On T:2433 you advanced to experience level 5. On T:2543 you reached level 7 of The Dungeons of Doom. On T:2866 you reached level 4 of Sokoban. On T:3010 you opened a magic chest. On T:3119 you opened a magic chest. On T:3202 you reached level 3 of Sokoban. On T:3991 you reached level 2 of Sokoban. On T:4630 you advanced to experience level 6. On T:4881 you reached level 1 of Sokoban. On T:5963 you advanced to experience level 7. On T:5980 you advanced to experience level 8. On T:5980 you entered the Sokoban zoo. On T:6079 you opened a magic chest. On T:6763 you reached level 2 of The Gnomish Mines. On T:7483 you reached level 3 of The Gnomish Mines. On T:7508 you reached level 4 of The Gnomish Mines. On T:7740 you entered the Minetown temple On T:7766 you opened a magic chest. On T:8059 you opened a magic chest. On T:8061 you opened a magic chest. On T:8094 you opened a magic chest. On T:8095 you opened a magic chest. On T:8097 you opened a magic chest. On T:8121 you opened a magic chest. On T:8125 you opened a magic chest. On T:8144 you opened a magic chest. On T:8149 you opened a magic chest. On T:8150 you opened a magic chest. On T:8150 you opened a magic chest. On T:8241 you opened a magic chest. On T:8242 you opened a magic chest. On T:8243 you opened a magic chest. On T:8492 you advanced to experience level 9. On T:8555 you opened a magic chest. On T:8556 you opened a magic chest. On T:8587 you opened a magic chest. On T:8861 you reached level 5 of The Gnomish Mines. On T:9226 you reached level 6 of The Gnomish Mines. On T:9792 you reached level 7 of The Gnomish Mines. On T:10374 you reached level 8 of The Gnomish Mines. On T:10877 you reached level 9 of The Gnomish Mines. On T:10877 you reached the bottom of the Mines. On T:11095 you opened a magic chest. On T:11097 you opened a magic chest. On T:11400 you advanced to experience level 10. On T:11762 you opened a magic chest. On T:12395 you opened a magic chest. On T:12396 you opened a magic chest. On T:13176 you opened a magic chest. On T:13178 you opened a magic chest. On T:13205 you opened a magic chest. On T:13206 you opened a magic chest. On T:13211 you opened a magic chest. On T:13212 you opened a magic chest. On T:13234 you opened a magic chest. On T:13235 you opened a magic chest. On T:13300 you opened a magic chest. On T:13304 you opened a magic chest. On T:13305 you opened a magic chest. On T:13305 you opened a magic chest. On T:13306 you opened a magic chest. On T:14245 you opened a magic chest. On T:14319 you opened a magic chest. On T:14326 you opened a magic chest. On T:14329 you opened a magic chest. On T:14330 you opened a magic chest. On T:14337 you opened a magic chest. On T:14675 you opened a magic chest. On T:14676 you opened a magic chest. On T:15266 you opened a magic chest. On T:15275 you opened a magic chest. On T:15287 you opened a magic chest. On T:15293 you opened a magic chest. On T:15298 you opened a magic chest. On T:16162 you wished for "+3 blessed fixed greased cloak of magic resistance". On T:16178 you opened a magic chest. On T:16179 you opened a magic chest. On T:16180 you opened a magic chest. On T:16181 you opened a magic chest. On T:17654 you reached level 8 of The Dungeons of Doom. On T:17731 you reached level 9 of The Dungeons of Doom. On T:18267 you advanced to experience level 11. Score breakdown: Gold: 10700 ( 1070 points) Experience: 11 levels ( 1000 points) Exploration: 12 levels ( 330 points) Discoveries: 34 items ( 1700 points) Variety of kills: 116 monsters ( 2000 points) Major goal: Sokoban/Mines ( 1500 points) Survival: died (score multiplied by 3) Total score: 22800 Latest messages: You kill the soldier ant! You see here a giant bat corpse. "Hello, woodfighter! Welcome again to Izchak's lighting store!" "Will you please leave your pick-axe outside?" b - 2 +2 arrows (in quiver). There is an open door here. You see here a soldier ant corpse. You see here a giant bat corpse. The plains centaur wields a stout spear! The plains centaur kicks! The arrow hits the plains centaur! The plains centaur thrusts one of her stout spears. The plains centaur jabs you! The plains centaur kicks! The soldier ant bites! The soldier ant stings! The plains centaur thrusts one of her stout spears. The plains centaur jabs you! The plains centaur kicks! The soldier ant misses the soldier ant. (2x) The soldier ant bites! The soldier ant stings! The soldier ant bites! The soldier ant stings! You die... Tringanoe looks at your corpse and sighs. Final status: Goodbye woodfighter the Ranger, killed by a soldier ant... You died in The Gnomish Mines on dungeon level 6 with 22800 points, and 10700 pieces of gold, after 19095 moves. You were level 11 with a maximum of 81 hit points when you died.